CHARLOTTE Checkers vs CHICAGO Wolves

Created - 22 avril 2024 at 11:10

Goals
1 2 3 T
CHARLOTTE Checkers 1 0 1 2
CHICAGO Wolves 1 2 2 5
Shots
1 2 3 T
CHARLOTTE Checkers 10 6 7 23
CHICAGO Wolves 14 11 9 34

1st period

1. CHARLOTTE Checkers , Yan Kuznetsov 13 (Danny O'Regan 18, Max Gildon 40) at 11:58
2. CHICAGO Wolves , Jansen Harkins 28 (Morgan Barron 67, Karson Kuhlman 52) at 19:29

Penalties :
Isaak Phillips (car) for Tripping (Minor) at 1:12, Alexandre Texier (flo) for Tripping (Minor) at 1:12, Isaak Phillips (car) for Tripping (Minor) at 12:10, Morgan Barron (car) for Interference (Minor) at 16:31

2nd period

3. CHICAGO Wolves , Roland McKeown 13 (Morgan Barron 68, Glenn Gawdin 13) at 8:18
4. CHICAGO Wolves , Ondrej Kase 40 (Jack McBain 58, Nate Schnarr 4) at 13:53

Penalties :
No Penalty

3rd period

5. CHICAGO Wolves , Ondrej Kase 41 (Morgan Barron 69, Nate Schnarr 5) at 6:19
6. CHARLOTTE Checkers , Nikita Popugaev 16 (Justin Kirkland 26) at 17:58
7. CHICAGO Wolves , Kole Lind 27 (Nikita Alexandrov 26, Joseph Cecconi 36) at 18:53

Penalties :
Michael Callahan (flo) for Delaying the game (Minor) at 7:28, Michael Raffl (flo) for Tripping (Minor) at 13:16, Isaak Phillips (car) for Tripping (Minor) at 19:19

Goalie Stats

Hugo Alnefelt (flo), 29 saves from 34 shots - (0,853), L, 24-21-2, 60:00 minutes
Anthony Stolarz (car), 21 saves from 23 shots - (0,913), W, 50-16-3, 60:00 minutes

Players Stats for CHARLOTTE Checkers

Player Name              G  A  P  +/- PIM S  H  SB GA TA FO     MP     PP MP  PK MP  
------------------------------------------------------------------------------------
Albin Grewe              0  0  0  -1  0   2  0  0  0  0  1/2    20:21   2:03   2:14 
Alexandre Texier         0  0  0   1  2   2  0  1  0  0  4/11   17:29   2:35   1:44 
Danny O'Regan            0  1  1  -2  0   1  0  0  0  0  2/10    9:48   0:00   0:00 
Josh Brook               0  0  0  -2  0   0  1  2  0  0  0/0    21:43   2:34   1:48 
Justin Kirkland          0  1  1   1  0   0  2  1  0  0  0/0    17:14   2:03   1:26 
Martin Pospisil          0  0  0  -1  0   0  3  0  0  0  0/1    11:54   0:00   0:00 
Matt Kiersted            0  0  0  -2  0   4  0  2  0  0  0/0    22:11   2:34   1:54 
Max Gildon               0  1  1   1  0   0  1  1  0  0  0/0    20:32   2:04   1:12 
Michael Callahan         0  0  0  -1  2   1  0  3  0  0  0/0    16:45   0:00   0:52 
Michael Raffl            0  0  0  -2  2   3  2  0  0  0  0/0    18:35   2:35   0:12 
Michael Sgarbossa        0  0  0  -2  0   0  0  0  0  0  14/28  21:45   2:35   2:20 
Nick Cicek               0  0  0  -1  0   1  3  2  0  0  0/0    16:52   0:00   0:58 
Nick Henry               0  0  0  -2  0   2  0  0  0  0  0/0     9:02   0:00   0:00 
Nikita Popugaev          1  0  1   1  0   2  1  0  0  0  0/1    13:11   0:00   0:00 
Stefan Matteau           0  0  0  -2  0   0  2  0  0  0  0/0     9:02   0:00   0:00 
T.J. Tynan               0  0  0  -1  0   3  1  0  0  0  10/18  15:10   2:03   0:00 
Tyrell Goulbourne        0  0  0  -1  0   1  2  0  0  0  0/0    11:54   0:00   0:00 
Yan Kuznetsov            1  0  1   1  0   1  4  1  0  0  0/0    20:32   2:04   1:12 

Players Stats for CHICAGO Wolves

Player Name              G  A  P  +/- PIM S  H  SB GA TA FO     MP     PP MP  PK MP  
------------------------------------------------------------------------------------
Aleksi Heponiemi         0  0  0   1  0   0  0  0  0  0  0/1     5:51   0:00   0:00 
Chase De Leo             0  0  0   0  0   3  0  0  0  0  3/3    14:01   0:00   0:00 
Glenn Gawdin             0  1  1   1  0   0  1  0  0  0  2/3     5:51   0:00   0:00 
Isaak Phillips           0  0  0   1  6   1  5  0  0  0  0/0    21:08   1:25   0:40 
Jack McBain              0  1  1   0  0   3  5  0  0  0  11/16  22:41   1:59   3:17 
Jansen Harkins           1  0  1   1  0   4  1  0  0  0  1/1    16:18   1:59   0:26 
Joseph Cecconi           0  1  1   1  0   0  2  0  0  0  0/0    22:48   1:08   2:43 
Karson Kuhlman           0  1  1   1  0   4  1  0  0  0  2/4    18:05   1:59   0:55 
Kole Lind                1  0  1   1  0   6  0  1  0  0  2/3    18:19   1:25   1:15 
Lias Andersson           0  0  0   1  0   0  0  0  0  0  0/1    17:05   1:25   0:00 
Mikko Kokkonen           0  0  0   0  0   1  1  0  0  0  0/0    19:23   1:42   1:50 
Morgan Barron            0  3  3   3  2   5  3  0  0  0  9/21   23:32   1:59   1:50 
Nate Schnarr             0  2  2   2  0   1  1  0  0  0  2/3     7:42   0:34   0:58 
Nikita Alexandrov        0  1  1   0  0   2  1  0  0  0  8/14   14:01   0:00   0:00 
Noel Hoefenmayer         0  0  0   0  0   1  0  0  0  0  0/0    23:23   1:08   2:04 
Ondrej Kase              2  0  2   1  0   2  2  0  0  0  0/1    19:18   1:59   0:55 
Roland McKeown           1  0  1   1  0   1  0  2  0  0  0/0    23:19   1:08   1:39 
Zayde Wisdom             0  0  0   0  0   0  0  0  0  0  0/0     0:34   0:00   0:00 

3 Stars

1 - Ondrej Kase (car)
2 - Morgan Barron (car)
3 - Nate Schnarr (car)

Power Play

CHARLOTTE Checkers - 0 on 3 Attempt(s) - 0,00%
CHICAGO Wolves - 0 on 2 Attempt(s) - 0,00%

Penalty Kill

CHARLOTTE Checkers - 2 on 2 Attempt(s) - 100,00% - Score 0 goal in Penalty Kill
CHICAGO Wolves - 3 on 3 Attempt(s) - 100,00% - Score 0 goal in Penalty Kill

Team Stat

CHARLOTTE Checkers - Hits : 22 - Faceoff Wins : 31 - Blocked Shots : 13 - Penalty Minutes : 6
CHICAGO Wolves - Hits : 23 - Faceoff Wins : 40 - Blocked Shots : 3 - Penalty Minutes : 8

Official

Referees : Unknown
Linesman : Unknown

Game Notes

No Game Note

CHARLOTTE Checkers

5 vs 5 Forward 
   Center                   Left Wing                Right Wing               Time % Phy DF OF 
 1 Michael Sgarbossa        Albin Grewe              Michael Raffl            40     1   2  2  
 2 Alexandre Texier         Nikita Popugaev          Justin Kirkland          30     1   2  2  
 3 T.J. Tynan               Tyrell Goulbourne        Martin Pospisil          20     1   2  2  
 4 Danny O'Regan            Stefan Matteau           Nick Henry               10     1   2  2  

5 vs 5 Defense 
   Defense                  Defense                                           Time % Phy DF OF 
 1 Matt Kiersted            Josh Brook                                        40     1   2  2  
 2 Max Gildon               Yan Kuznetsov                                     30     1   2  2  
 3 Michael Callahan         Nick Cicek                                        20     1   2  2  
 4 Matt Kiersted            Josh Brook                                        10     1   2  2  

PowerPlay Forward 
   Center                   Left Wing                Right Wing               Time % Phy DF OF 
 1 Michael Sgarbossa        Alexandre Texier         Michael Raffl            60     1   2  2  
 2 T.J. Tynan               Albin Grewe              Justin Kirkland          40     1   2  2  

PowerPlay Defense
   Defense                  Defense                                           Time % Phy DF OF 
 1 Matt Kiersted            Josh Brook                                        60     1   2  2  
 2 Max Gildon               Yan Kuznetsov                                     40     1   2  2  

Penalty Kill 4 Players Forward 
   Center                   Wing                     Time % Phy DF OF 
 1 Michael Sgarbossa        Albin Grewe              60     1   2  2  
 2 Alexandre Texier         Justin Kirkland          40     1   2  2  

Penalty Kill 4 Players Defense
   Defense                  Defense                  Time % Phy DF OF 
 1 Matt Kiersted            Josh Brook               60     1   2  2  
 2 Max Gildon               Yan Kuznetsov            40     1   2  2  

Penalty Kill - 3 Players Forward 
   Forward                                           Time % Phy DF OF 
 1 Michael Sgarbossa                                 60     1   2  2  
 2 Alexandre Texier                                  40     1   2  2  

Penalty Kill - 3 Players Defense
   Defense                  Defense                  Time % Phy DF OF 
 1 Matt Kiersted            Josh Brook               60     1   3  1  
 2 Max Gildon               Yan Kuznetsov            40     1   3  1  

4 vs 4 Forward 
   Center                   Wing                     Time % Phy DF OF 
 1 Michael Sgarbossa        Albin Grewe              60     1   2  2  
 2 Alexandre Texier         Justin Kirkland          40     1   2  2  

4 vs 4 Defense
   Defense                  Defense                  Time % Phy DF OF 
 1 Matt Kiersted            Josh Brook               60     1   2  2  
 2 Max Gildon               Yan Kuznetsov            40     1   2  2  

Last Minutes Offensive
   Center                   Left Wing                Right Wing               Defense                  Defense                  
   Michael Sgarbossa        Albin Grewe              Michael Raffl            Matt Kiersted            Josh Brook               

Last Minutes Defensive
   Center                   Left Wing                Right Wing               Defense                  Defense                  
   Michael Sgarbossa        Albin Grewe              Michael Raffl            Matt Kiersted            Josh Brook               

Goaltenders
Starting : Hugo Alnefelt            
Backup : Keith Kinkaid            

Extra Forwards
Normal : Michael Sgarbossa, T.J. Tynan, Justin Kirkland - PP : T.J. Tynan, Alexandre Texier - PK : Alexandre Texier
Extra Defensemen
Normal : Matt Kiersted, Yan Kuznetsov, Nick Cicek - PP : Matt Kiersted - PK : Yan Kuznetsov, Michael Callahan
Penalty Shots
Michael Sgarbossa, Michael Raffl, Alexandre Texier, T.J. Tynan, Albin Grewe

Scratches
Jesse Gabrielle (Healthy), Gabriel Gagne (Healthy), Vincent Dunn (Healthy), Igor Shvyrev (Healthy), Justin Almeida (Healthy)

CHICAGO Wolves

5 vs 5 Forward 
   Center                   Left Wing                Right Wing               Time % Phy DF OF 
 1 Morgan Barron            Jansen Harkins           Karson Kuhlman           40     1   2  2  
 2 Jack McBain              Lias Andersson           Ondrej Kase              30     1   2  2  
 3 Nikita Alexandrov        Chase De Leo             Kole Lind                20     1   2  2  
 4 Glenn Gawdin             Aleksi Heponiemi         Morgan Barron            10     1   2  2  

5 vs 5 Defense 
   Defense                  Defense                                           Time % Phy DF OF 
 1 Noel Hoefenmayer         Isaak Phillips                                    40     1   2  2  
 2 Roland McKeown           Joseph Cecconi                                    30     1   2  2  
 3 Mikko Kokkonen           Noel Hoefenmayer                                  20     1   2  2  
 4 Isaak Phillips           Roland McKeown                                    10     1   2  2  

PowerPlay Forward 
   Center                   Left Wing                Right Wing               Time % Phy DF OF 
 1 Morgan Barron            Jansen Harkins           Karson Kuhlman           60     1   2  2  
 2 Jack McBain              Lias Andersson           Ondrej Kase              40     1   2  2  

PowerPlay Defense
   Defense                  Defense                                           Time % Phy DF OF 
 1 Noel Hoefenmayer         Isaak Phillips                                    60     1   2  2  
 2 Roland McKeown           Joseph Cecconi                                    40     1   2  2  

Penalty Kill 4 Players Forward 
   Center                   Wing                     Time % Phy DF OF 
 1 Morgan Barron            Jack McBain              60     1   2  2  
 2 Karson Kuhlman           Ondrej Kase              40     1   2  2  

Penalty Kill 4 Players Defense
   Defense                  Defense                  Time % Phy DF OF 
 1 Noel Hoefenmayer         Isaak Phillips           60     1   2  2  
 2 Roland McKeown           Joseph Cecconi           40     1   2  2  

Penalty Kill - 3 Players Forward 
   Forward                                           Time % Phy DF OF 
 1 Morgan Barron                                     60     1   2  2  
 2 Jack McBain                                       40     1   2  2  

Penalty Kill - 3 Players Defense
   Defense                  Defense                  Time % Phy DF OF 
 1 Noel Hoefenmayer         Isaak Phillips           60     1   2  2  
 2 Roland McKeown           Joseph Cecconi           40     1   2  2  

4 vs 4 Forward 
   Center                   Wing                     Time % Phy DF OF 
 1 Morgan Barron            Jack McBain              60     1   2  2  
 2 Karson Kuhlman           Ondrej Kase              40     1   2  2  

4 vs 4 Defense
   Defense                  Defense                  Time % Phy DF OF 
 1 Noel Hoefenmayer         Isaak Phillips           60     1   2  2  
 2 Roland McKeown           Joseph Cecconi           40     1   2  2  

Last Minutes Offensive
   Center                   Left Wing                Right Wing               Defense                  Defense                  
   Morgan Barron            Jansen Harkins           Karson Kuhlman           Noel Hoefenmayer         Isaak Phillips           

Last Minutes Defensive
   Center                   Left Wing                Right Wing               Defense                  Defense                  
   Morgan Barron            Jansen Harkins           Karson Kuhlman           Noel Hoefenmayer         Isaak Phillips           

Goaltenders
Starting : Anthony Stolarz          
Backup : Mikhail Berdin           

Extra Forwards
Normal : Nate Schnarr, Zayde Wisdom, Kole Lind - PP : Nate Schnarr, Zayde Wisdom - PK : Kole Lind
Extra Defensemen
Normal : Mikko Kokkonen, Joseph Cecconi, Noel Hoefenmayer - PP : Mikko Kokkonen - PK : Joseph Cecconi, Noel Hoefenmayer
Penalty Shots
Morgan Barron, Jack McBain, Karson Kuhlman, Ondrej Kase, Jansen Harkins

Scratches
Nelson Nogier (Healthy), Sami Niku (Healthy), Luka Burzan (Healthy), Mason Millman (Healthy)

% Time on Ice - CHARLOTTE Checkers

Lines # - Real PCT - Wanted PCT - Time Play
Normal Forward
1 - 31% - 40% - 15:18
2 - 27% - 30% - 13:11
3 - 24% - 20% - 11:54
4 - 18% - 10% - 9:02
Normal Defense
1 - 34% - 40% - 16:48
2 - 32% - 30% - 15:51
3 - 32% - 20% - 15:54
4 - 2% - 10% - 0:52
PP Forward
1 - 56% - 60% - 2:35
2 - 44% - 40% - 2:03
PP Defense
1 - 55% - 60% - 2:34
2 - 45% - 40% - 2:04
PK Forward
1 - 64% - 60% - 2:32
2 - 36% - 40% - 1:26
PK Defense
1 - 70% - 60% - 2:46
2 - 30% - 40% - 1:12
PK3 Forward
1 - 0% - 60%
2 - 0% - 40%
PK3 Defense
1 - 0% - 60%
2 - 0% - 40%
44 Forward
1 - 71% - 60% - 1:25
2 - 29% - 40% - 0:34
44 Defense
1 - 29% - 60% - 0:34
2 - 71% - 40% - 1:25
Last Minute Offensive  - 0:00
Last Minute Defensive  - 0:00
Total
Forward - 60:00
Defense - 60:00

% Time on Ice - CHICAGO Wolves

Lines # - Real PCT - Wanted PCT - Time Play
Normal Forward
1 - 28% - 40% - 13:53
2 - 32% - 30% - 15:40
3 - 28% - 20% - 14:01
4 - 12% - 10% - 5:51
Normal Defense
1 - 25% - 40% - 12:35
2 - 33% - 30% - 16:27
3 - 27% - 20% - 13:15
4 - 14% - 10% - 7:08
PP Forward
1 - 50% - 60% - 1:59
2 - 50% - 40% - 1:59
PP Defense
1 - 58% - 60% - 2:18
2 - 42% - 40% - 1:40
PK Forward
1 - 80% - 60% - 3:43
2 - 20% - 40% - 0:55
PK Defense
1 - 62% - 60% - 2:53
2 - 38% - 40% - 1:45
PK3 Forward
1 - 0% - 60%
2 - 0% - 40%
PK3 Defense
1 - 0% - 60%
2 - 0% - 40%
44 Forward
1 - 63% - 60% - 1:15
2 - 37% - 40% - 0:44
44 Defense
1 - 30% - 60% - 0:36
2 - 70% - 40% - 1:23
Last Minute Offensive  - 0:00
Last Minute Defensive  - 0:00
Total
Forward - 60:00
Defense - 60:00

Play-by-Play

1st period


0:01 of 1st period - Michael Sgarbossa wins face-off versus Morgan Barron in neutral zone.
1:12 of 1st period - Minor Penalty to Isaak Phillips for Tripping.
1:12 of 1st period - Minor Penalty to Alexandre Texier for Tripping.
1:13 of 1st period - Michael Sgarbossa wins face-off versus Nate Schnarr in CHICAGO Wolves zone.
1:37 of 1st period - Shot by Jack McBain.
1:37 of 1st period - Shot Misses the Net.
1:51 of 1st period - Shot by Nate Schnarr.
1:51 of 1st period - Stopped by Hugo Alnefelt without a rebound.
1:52 of 1st period - T.J. Tynan wins face-off versus Karson Kuhlman in CHARLOTTE Checkers zone.
2:50 of 1st period - Shot by Mikko Kokkonen.
2:50 of 1st period - Shot Misses the Net.
3:29 of 1st period - Shot by Chase De Leo.
3:29 of 1st period - Stopped by Hugo Alnefelt without a rebound.
3:30 of 1st period - T.J. Tynan wins face-off versus Jack McBain in CHARLOTTE Checkers zone.
3:30 of 1st period - T.J. Tynan is hit by Ondrej Kase.
4:34 of 1st period - Shot by Alexandre Texier.
4:34 of 1st period - Stopped by Anthony Stolarz without a rebound.
4:35 of 1st period - Chase De Leo wins face-off versus Michael Sgarbossa in CHICAGO Wolves zone.
5:00 of 1st period - Shot by Kole Lind.
5:00 of 1st period - Stopped by Hugo Alnefelt without a rebound.
5:01 of 1st period - Morgan Barron wins face-off versus Danny O'Regan in CHARLOTTE Checkers zone.
5:21 of 1st period - Danny O'Regan is hit by Joseph Cecconi and loses puck.
5:26 of 1st period - Shot by Nick Henry.
5:26 of 1st period - Stopped by Anthony Stolarz without a rebound.
5:27 of 1st period - Michael Sgarbossa wins face-off versus Nikita Alexandrov in CHICAGO Wolves zone.
6:29 of 1st period - Shot by Karson Kuhlman.
6:29 of 1st period - Shot Blocked by Michael Callahan.
6:31 of 1st period - Shot by Morgan Barron.
6:31 of 1st period - Shot Misses the Net.
6:33 of 1st period - Shot by Joseph Cecconi.
6:33 of 1st period - Shot Misses the Net.
7:20 of 1st period - Jack McBain is hit by Tyrell Goulbourne and loses puck.
8:09 of 1st period - Shot by Kole Lind.
8:09 of 1st period - Stopped by Hugo Alnefelt without a rebound.
8:10 of 1st period - Michael Sgarbossa wins face-off versus Aleksi Heponiemi in CHARLOTTE Checkers zone.
8:19 of 1st period - Shot by Michael Raffl.
8:19 of 1st period - Shot Misses the Net.
8:55 of 1st period - Shot by Karson Kuhlman.
8:55 of 1st period - Deflect By Morgan Barron.
8:55 of 1st period - Shot Blocked by Matt Kiersted.
8:57 of 1st period - Shot by Jansen Harkins.
8:57 of 1st period - Shot Misses the Net.
9:01 of 1st period - Shot by Jansen Harkins.
9:01 of 1st period - Stopped by Hugo Alnefelt without a rebound.
9:02 of 1st period - Jack McBain wins face-off versus Alexandre Texier in CHARLOTTE Checkers zone.
9:16 of 1st period - Icing by Nick Cicek.
9:17 of 1st period - Jack McBain wins face-off versus Alexandre Texier in CHARLOTTE Checkers zone.
9:58 of 1st period - Icing by Nikita Popugaev.
9:59 of 1st period - Nikita Alexandrov wins face-off versus Alexandre Texier in CHARLOTTE Checkers zone.
11:08 of 1st period - Matt Kiersted is hit by Isaak Phillips and loses puck.
11:21 of 1st period - Shot by T.J. Tynan.
11:21 of 1st period - Stopped by Anthony Stolarz with a rebound.
11:27 of 1st period - Shot by T.J. Tynan.
11:27 of 1st period - Stopped by Anthony Stolarz with a rebound.
11:29 of 1st period - Shot by Matt Kiersted.
11:29 of 1st period - Stopped by Anthony Stolarz without a rebound.
11:30 of 1st period - Jack McBain wins face-off versus Danny O'Regan in CHICAGO Wolves zone.
11:56 of 1st period - Shot by Danny O'Regan.
11:56 of 1st period - Stopped by Anthony Stolarz with a rebound.
11:58 of 1st period - Shot by Yan Kuznetsov.
11:58 of 1st period - Goal by Yan Kuznetsov - CHARLOTTE Checkers : 1 - CHICAGO Wolves : 0.
11:59 of 1st period - Michael Sgarbossa wins face-off versus Nikita Alexandrov in neutral zone.
11:59 of 1st period - Michael Sgarbossa is hit by Nikita Alexandrov.
12:02 of 1st period - Michael Raffl is hit by Isaak Phillips and loses puck.
12:08 of 1st period - Albin Grewe is hit by Isaak Phillips and loses puck.
12:10 of 1st period - Minor Penalty to Isaak Phillips for Tripping.
12:11 of 1st period - Michael Sgarbossa wins face-off versus Morgan Barron in CHICAGO Wolves zone.
12:16 of 1st period - Shot by Matt Kiersted.
12:16 of 1st period - Shot Hit the Post.
12:30 of 1st period - Shot by Josh Brook.
12:30 of 1st period - Shot Blocked by Kole Lind.
12:58 of 1st period - Joseph Cecconi is hit by T.J. Tynan and loses puck.
13:53 of 1st period - Shot by Morgan Barron.
13:53 of 1st period - Stopped by Hugo Alnefelt without a rebound.
13:54 of 1st period - T.J. Tynan wins face-off versus Morgan Barron in CHARLOTTE Checkers zone.
14:18 of 1st period - Off-side.
14:19 of 1st period - Danny O'Regan wins face-off versus Kole Lind in neutral zone.
14:29 of 1st period - Shot by Chase De Leo.
14:29 of 1st period - Stopped by Hugo Alnefelt with a rebound.
14:31 of 1st period - Shot by Kole Lind.
14:31 of 1st period - Shot Blocked by Michael Callahan.
14:33 of 1st period - Shot by Kole Lind.
14:33 of 1st period - Stopped by Hugo Alnefelt with a rebound.
14:35 of 1st period - Shot by Chase De Leo.
14:35 of 1st period - Stopped by Hugo Alnefelt without a rebound.
14:36 of 1st period - Morgan Barron wins face-off versus T.J. Tynan in CHARLOTTE Checkers zone.
14:59 of 1st period - Shot by Karson Kuhlman.
14:59 of 1st period - Stopped by Hugo Alnefelt without a rebound.
15:00 of 1st period - Michael Sgarbossa wins face-off versus Jack McBain in CHARLOTTE Checkers zone.
15:15 of 1st period - Shot by Michael Raffl.
15:15 of 1st period - Shot Hit the Post.
16:23 of 1st period - Shot by Max Gildon.
16:23 of 1st period - Shot Misses the Net.
16:29 of 1st period - Shot by Karson Kuhlman.
16:29 of 1st period - Stopped by Hugo Alnefelt without a rebound.
16:30 of 1st period - T.J. Tynan wins face-off versus Glenn Gawdin in CHARLOTTE Checkers zone.
16:30 of 1st period - T.J. Tynan is hit by Glenn Gawdin.
16:31 of 1st period - Minor Penalty to Morgan Barron for Interference.
16:32 of 1st period - Kole Lind wins face-off versus T.J. Tynan in CHICAGO Wolves zone.
16:32 of 1st period - Kole Lind is hit by Justin Kirkland.
16:49 of 1st period - Josh Brook is hit by Jack McBain and loses puck.
16:57 of 1st period - Matt Kiersted is hit by Isaak Phillips.
17:23 of 1st period - Shot by Michael Raffl.
17:23 of 1st period - Stopped by Anthony Stolarz without a rebound.
17:24 of 1st period - Nate Schnarr wins face-off versus Michael Sgarbossa in CHICAGO Wolves zone.
18:04 of 1st period - Icing by Yan Kuznetsov.
18:05 of 1st period - Kole Lind wins face-off versus Michael Sgarbossa in CHARLOTTE Checkers zone.
18:06 of 1st period - Shot by Jack McBain.
18:06 of 1st period - Stopped by Hugo Alnefelt with a rebound.
18:49 of 1st period - Nick Henry is hit by Mikko Kokkonen and loses puck.
18:56 of 1st period - Shot by Nick Cicek.
18:56 of 1st period - Stopped by Anthony Stolarz without a rebound.
18:57 of 1st period - T.J. Tynan wins face-off versus Morgan Barron in CHICAGO Wolves zone.
19:06 of 1st period - Shot by Tyrell Goulbourne.
19:06 of 1st period - Stopped by Anthony Stolarz without a rebound.
19:07 of 1st period - Nikita Alexandrov wins face-off versus Martin Pospisil in CHICAGO Wolves zone.
19:07 of 1st period - Nikita Alexandrov is hit by Martin Pospisil.
19:19 of 1st period - Shot by Nikita Alexandrov.
19:19 of 1st period - Stopped by Hugo Alnefelt without a rebound.
19:20 of 1st period - Morgan Barron wins face-off versus Danny O'Regan in CHARLOTTE Checkers zone.
19:21 of 1st period - Shot by Karson Kuhlman.
19:21 of 1st period - Shot Blocked by Nick Cicek.
19:23 of 1st period - Shot by Karson Kuhlman.
19:23 of 1st period - Shot Misses the Net.
19:25 of 1st period - Shot by Morgan Barron.
19:25 of 1st period - Shot Blocked by Michael Callahan.
19:29 of 1st period - Shot by Jansen Harkins.
19:29 of 1st period - Goal by Jansen Harkins - CHARLOTTE Checkers : 1 - CHICAGO Wolves : 1.
19:30 of 1st period - Jack McBain wins face-off versus Nikita Popugaev in neutral zone.
19:38 of 1st period - Icing by Josh Brook.
19:39 of 1st period - Alexandre Texier wins face-off versus Morgan Barron in CHARLOTTE Checkers zone.
19:39 of 1st period - Alexandre Texier is hit by Morgan Barron.
Goals for this period are 1 for CHARLOTTE Checkers vs 1 for CHICAGO Wolves.
Shots for this period are 10 for CHARLOTTE Checkers vs 14 for CHICAGO Wolves.

2nd period


0:01 of 2nd period - Morgan Barron wins face-off versus Michael Sgarbossa in neutral zone.
0:11 of 2nd period - Shot by Albin Grewe.
0:11 of 2nd period - Stopped by Anthony Stolarz without a rebound.
0:12 of 2nd period - Jack McBain wins face-off versus Alexandre Texier in CHICAGO Wolves zone.
0:43 of 2nd period - Shot by Alexandre Texier.
0:43 of 2nd period - Shot Misses the Net.
0:48 of 2nd period - Icing by Roland McKeown.
0:49 of 2nd period - Michael Sgarbossa wins face-off versus Jack McBain in CHICAGO Wolves zone.
0:50 of 2nd period - Shot by Michael Raffl.
0:50 of 2nd period - Deflect By Michael Sgarbossa.
0:50 of 2nd period - Shot Misses the Net.
1:24 of 2nd period - Shot by Michael Sgarbossa.
1:24 of 2nd period - Shot Blocked by Roland McKeown.
1:26 of 2nd period - Shot by Albin Grewe.
1:26 of 2nd period - Stopped by Anthony Stolarz without a rebound.
1:27 of 2nd period - T.J. Tynan wins face-off versus Morgan Barron in CHICAGO Wolves zone.
2:26 of 2nd period - Shot by Nikita Popugaev.
2:26 of 2nd period - Stopped by Anthony Stolarz without a rebound.
2:27 of 2nd period - Michael Sgarbossa wins face-off versus Nikita Alexandrov in CHICAGO Wolves zone.
2:44 of 2nd period - Icing by Michael Sgarbossa.
2:45 of 2nd period - Jack McBain wins face-off versus Michael Sgarbossa in CHARLOTTE Checkers zone.
2:53 of 2nd period - Jack McBain is hit by Josh Brook and loses puck.
3:03 of 2nd period - Icing by Josh Brook.
3:04 of 2nd period - Nikita Alexandrov wins face-off versus Michael Sgarbossa in CHARLOTTE Checkers zone.
3:09 of 2nd period - Shot by Kole Lind.
3:09 of 2nd period - Stopped by Hugo Alnefelt without a rebound.
3:10 of 2nd period - Chase De Leo wins face-off versus Alexandre Texier in CHARLOTTE Checkers zone.
3:12 of 2nd period - Nikita Alexandrov is hit by Yan Kuznetsov and loses puck.
3:18 of 2nd period - Kole Lind is hit by Yan Kuznetsov and loses puck.
3:23 of 2nd period - Shot by Chase De Leo.
3:23 of 2nd period - Shot Blocked by Yan Kuznetsov.
3:41 of 2nd period - Shot by Kole Lind.
3:41 of 2nd period - Shot Misses the Net.
3:43 of 2nd period - Shot by Chase De Leo.
3:43 of 2nd period - Shot Blocked by Justin Kirkland.
4:05 of 2nd period - Shot by Jansen Harkins.
4:05 of 2nd period - Shot Misses the Net.
4:07 of 2nd period - Shot by Morgan Barron.
4:07 of 2nd period - Shot Misses the Net.
4:09 of 2nd period - Shot by Noel Hoefenmayer.
4:09 of 2nd period - Shot Misses the Net.
4:13 of 2nd period - Shot by Morgan Barron.
4:13 of 2nd period - Stopped by Hugo Alnefelt with a rebound.
4:15 of 2nd period - Shot by Karson Kuhlman.
4:15 of 2nd period - Shot Blocked by Josh Brook.
4:17 of 2nd period - Shot by Jansen Harkins.
4:17 of 2nd period - Deflect By Karson Kuhlman.
4:17 of 2nd period - Stopped by Hugo Alnefelt without a rebound.
4:18 of 2nd period - Jack McBain wins face-off versus T.J. Tynan in CHARLOTTE Checkers zone.
4:45 of 2nd period - Shot by Ondrej Kase.
4:45 of 2nd period - Shot Misses the Net.
5:09 of 2nd period - Shot by Morgan Barron.
5:09 of 2nd period - Shot Blocked by Josh Brook.
5:20 of 2nd period - Shot by Morgan Barron.
5:20 of 2nd period - Stopped by Hugo Alnefelt without a rebound.
5:21 of 2nd period - Nikita Alexandrov wins face-off versus Danny O'Regan in CHARLOTTE Checkers zone.
5:21 of 2nd period - Kole Lind is hit by Yan Kuznetsov and loses puck.
5:34 of 2nd period - Nikita Alexandrov is hit by Stefan Matteau and loses puck.
5:48 of 2nd period - Danny O'Regan is hit by Joseph Cecconi and loses puck.
7:50 of 2nd period - Shot by Noel Hoefenmayer.
7:50 of 2nd period - Shot Misses the Net.
7:52 of 2nd period - Shot by Jack McBain.
7:52 of 2nd period - Stopped by Hugo Alnefelt without a rebound.
7:53 of 2nd period - Glenn Gawdin wins face-off versus Danny O'Regan in CHARLOTTE Checkers zone.
8:06 of 2nd period - Shot by Morgan Barron.
8:06 of 2nd period - Shot Blocked by Matt Kiersted.
8:16 of 2nd period - Shot by Glenn Gawdin.
8:16 of 2nd period - Deflect By Morgan Barron.
8:16 of 2nd period - Shot Misses the Net.
8:18 of 2nd period - Shot by Roland McKeown.
8:18 of 2nd period - Goal by Roland McKeown - CHARLOTTE Checkers : 1 - CHICAGO Wolves : 2.
8:19 of 2nd period - Morgan Barron wins face-off versus Albin Grewe in neutral zone.
8:22 of 2nd period - Shot by Jansen Harkins.
8:22 of 2nd period - Shot Misses the Net.
8:24 of 2nd period - Shot by Morgan Barron.
8:24 of 2nd period - Deflect By Jansen Harkins.
8:24 of 2nd period - Stopped by Hugo Alnefelt without a rebound.
8:25 of 2nd period - Michael Sgarbossa wins face-off versus Jack McBain in CHARLOTTE Checkers zone.
8:41 of 2nd period - Ondrej Kase is hit by Nick Cicek and loses puck.
8:51 of 2nd period - Icing by Noel Hoefenmayer.
8:52 of 2nd period - Jack McBain wins face-off versus Alexandre Texier in CHICAGO Wolves zone.
9:26 of 2nd period - Shot by Alexandre Texier.
9:26 of 2nd period - Stopped by Anthony Stolarz without a rebound.
9:27 of 2nd period - Nikita Alexandrov wins face-off versus Michael Sgarbossa in CHICAGO Wolves zone.
9:40 of 2nd period - Icing by Chase De Leo.
9:41 of 2nd period - Nikita Alexandrov wins face-off versus T.J. Tynan in CHICAGO Wolves zone.
9:41 of 2nd period - Nikita Alexandrov is hit by Martin Pospisil.
10:16 of 2nd period - Icing by Michael Callahan.
10:17 of 2nd period - T.J. Tynan wins face-off versus Morgan Barron in CHARLOTTE Checkers zone.
10:17 of 2nd period - T.J. Tynan is hit by Morgan Barron.
10:43 of 2nd period - Michael Sgarbossa is hit by Jansen Harkins and loses puck.
11:03 of 2nd period - Icing by Karson Kuhlman.
11:04 of 2nd period - Alexandre Texier wins face-off versus Morgan Barron in CHICAGO Wolves zone.
12:39 of 2nd period - Shot by Nikita Alexandrov.
12:39 of 2nd period - Shot Misses the Net.
12:41 of 2nd period - Shot by Mikko Kokkonen.
12:41 of 2nd period - Shot Misses the Net.
12:49 of 2nd period - Shot by Kole Lind.
12:49 of 2nd period - Stopped by Hugo Alnefelt without a rebound.
12:50 of 2nd period - Chase De Leo wins face-off versus Michael Sgarbossa in CHARLOTTE Checkers zone.
13:53 of 2nd period - Shot by Ondrej Kase.
13:53 of 2nd period - Goal by Ondrej Kase - CHARLOTTE Checkers : 1 - CHICAGO Wolves : 3.
13:54 of 2nd period - Glenn Gawdin wins face-off versus T.J. Tynan in neutral zone.
14:30 of 2nd period - Icing by Nick Cicek.
14:31 of 2nd period - Jack McBain wins face-off versus T.J. Tynan in CHARLOTTE Checkers zone.
15:01 of 2nd period - Off-side.
15:02 of 2nd period - Nikita Alexandrov wins face-off versus Danny O'Regan in neutral zone.
16:39 of 2nd period - Justin Kirkland is hit by Jack McBain and loses puck.
17:28 of 2nd period - Shot by Morgan Barron.
17:28 of 2nd period - Stopped by Hugo Alnefelt without a rebound.
17:29 of 2nd period - Danny O'Regan wins face-off versus Morgan Barron in CHARLOTTE Checkers zone.
17:58 of 2nd period - Shot by Jansen Harkins.
17:58 of 2nd period - Stopped by Hugo Alnefelt without a rebound.
17:59 of 2nd period - T.J. Tynan wins face-off versus Ondrej Kase in CHARLOTTE Checkers zone.
17:59 of 2nd period - Josh Brook is hit by Jack McBain and loses puck.
18:44 of 2nd period - Shot by Michael Raffl.
18:44 of 2nd period - Stopped by Anthony Stolarz without a rebound.
18:45 of 2nd period - Nikita Alexandrov wins face-off versus Alexandre Texier in CHICAGO Wolves zone.
19:34 of 2nd period - Mikko Kokkonen is hit by Justin Kirkland and loses puck.
19:53 of 2nd period - Shot by Michael Callahan.
19:53 of 2nd period - Stopped by Anthony Stolarz without a rebound.
19:54 of 2nd period - Morgan Barron wins face-off versus T.J. Tynan in CHICAGO Wolves zone.
19:54 of 2nd period - Morgan Barron is hit by Martin Pospisil.
19:57 of 2nd period - Icing by Jansen Harkins.
19:58 of 2nd period - Jansen Harkins wins face-off versus Michael Sgarbossa in CHICAGO Wolves zone.
Goals for this period are 0 for CHARLOTTE Checkers vs 2 for CHICAGO Wolves.
Shots for this period are 6 for CHARLOTTE Checkers vs 11 for CHICAGO Wolves.

3rd period


0:01 of 3rd period - Morgan Barron wins face-off versus Michael Sgarbossa in neutral zone.
0:24 of 3rd period - Shot by Michael Raffl.
0:24 of 3rd period - Shot Misses the Net.
1:22 of 3rd period - Shot by Ondrej Kase.
1:22 of 3rd period - Shot Misses the Net.
2:28 of 3rd period - Shot by Danny O'Regan.
2:28 of 3rd period - Shot Misses the Net.
2:36 of 3rd period - Shot by Matt Kiersted.
2:36 of 3rd period - Shot Misses the Net.
2:38 of 3rd period - Shot by Stefan Matteau.
2:38 of 3rd period - Shot Blocked by Roland McKeown.
2:40 of 3rd period - Shot by Matt Kiersted.
2:40 of 3rd period - Stopped by Anthony Stolarz with a rebound.
2:42 of 3rd period - Shot by Nick Henry.
2:42 of 3rd period - Shot Misses the Net.
3:41 of 3rd period - Shot by Morgan Barron.
3:41 of 3rd period - Stopped by Hugo Alnefelt with a rebound.
3:43 of 3rd period - Shot by Mikko Kokkonen.
3:43 of 3rd period - Shot Blocked by Max Gildon.
3:52 of 3rd period - Icing by Yan Kuznetsov.
3:53 of 3rd period - Michael Sgarbossa wins face-off versus Morgan Barron in CHARLOTTE Checkers zone.
3:53 of 3rd period - Michael Sgarbossa is hit by Karson Kuhlman.
4:13 of 3rd period - Shot by Karson Kuhlman.
4:13 of 3rd period - Shot Misses the Net.
4:15 of 3rd period - Shot by Jansen Harkins.
4:15 of 3rd period - Shot Misses the Net.
4:17 of 3rd period - Shot by Karson Kuhlman.
4:17 of 3rd period - Shot Misses the Net.
4:19 of 3rd period - Shot by Isaak Phillips.
4:19 of 3rd period - Stopped by Hugo Alnefelt with a rebound.
4:26 of 3rd period - Michael Callahan is hit by Isaak Phillips and loses puck.
4:39 of 3rd period - Michael Callahan is hit by Morgan Barron and loses puck.
4:53 of 3rd period - Aleksi Heponiemi is hit by Nick Cicek and loses puck.
6:15 of 3rd period - Icing by Michael Sgarbossa.
6:16 of 3rd period - Nate Schnarr wins face-off versus Danny O'Regan in CHARLOTTE Checkers zone.
6:19 of 3rd period - Shot by Ondrej Kase.
6:19 of 3rd period - Goal by Ondrej Kase - CHARLOTTE Checkers : 1 - CHICAGO Wolves : 4.
6:20 of 3rd period - T.J. Tynan wins face-off versus Nikita Alexandrov in neutral zone.
6:38 of 3rd period - Chase De Leo is hit by Tyrell Goulbourne and loses puck.
7:19 of 3rd period - Shot by Ondrej Kase.
7:19 of 3rd period - Shot Misses the Net.
7:21 of 3rd period - Shot by Jack McBain.
7:21 of 3rd period - Shot Misses the Net.
7:28 of 3rd period - Minor Penalty to Michael Callahan for Delaying the game.
7:29 of 3rd period - Michael Sgarbossa wins face-off versus Karson Kuhlman in CHARLOTTE Checkers zone.
8:17 of 3rd period - Shot by Kole Lind.
8:17 of 3rd period - Shot Misses the Net.
8:19 of 3rd period - Shot by Mikko Kokkonen.
8:19 of 3rd period - Stopped by Hugo Alnefelt with a rebound.
8:21 of 3rd period - Shot by Jack McBain.
8:21 of 3rd period - Stopped by Hugo Alnefelt without a rebound.
8:22 of 3rd period - Michael Sgarbossa wins face-off versus Morgan Barron in CHARLOTTE Checkers zone.
8:37 of 3rd period - Shot by Noel Hoefenmayer.
8:37 of 3rd period - Stopped by Hugo Alnefelt with a rebound.
9:37 of 3rd period - Aleksi Heponiemi is hit by Nick Cicek.
10:29 of 3rd period - Shot by Nick Henry.
10:29 of 3rd period - Stopped by Anthony Stolarz without a rebound.
10:30 of 3rd period - Alexandre Texier wins face-off versus Lias Andersson in CHICAGO Wolves zone.
10:47 of 3rd period - Shot by Nikita Popugaev.
10:47 of 3rd period - Deflect By Alexandre Texier.
10:47 of 3rd period - Shot Misses the Net.
10:49 of 3rd period - Shot by Josh Brook.
10:49 of 3rd period - Shot Hit the Post.
11:03 of 3rd period - Lias Andersson is hit by Nikita Popugaev and loses puck.
11:23 of 3rd period - Icing by Michael Callahan.
11:24 of 3rd period - Albin Grewe wins face-off versus Nikita Alexandrov in CHARLOTTE Checkers zone.
11:34 of 3rd period - Shot by Michael Sgarbossa.
11:34 of 3rd period - Shot Misses the Net.
11:44 of 3rd period - Shot by Michael Raffl.
11:44 of 3rd period - Stopped by Anthony Stolarz with a rebound.
12:10 of 3rd period - Shot by T.J. Tynan.
12:10 of 3rd period - Stopped by Anthony Stolarz without a rebound.
12:11 of 3rd period - Karson Kuhlman wins face-off versus Danny O'Regan in CHICAGO Wolves zone.
12:13 of 3rd period - Jansen Harkins is hit by Stefan Matteau and loses puck.
12:33 of 3rd period - Karson Kuhlman is hit by Yan Kuznetsov and loses puck.
12:37 of 3rd period - Karson Kuhlman is hit by Max Gildon and loses puck.
13:16 of 3rd period - Minor Penalty to Michael Raffl for Tripping.
13:17 of 3rd period - Karson Kuhlman wins face-off versus Michael Sgarbossa in CHARLOTTE Checkers zone.
13:38 of 3rd period - Shot by Morgan Barron.
13:38 of 3rd period - Shot Misses the Net.
14:15 of 3rd period - Shot by Lias Andersson.
14:15 of 3rd period - Shot Blocked by Alexandre Texier.
14:17 of 3rd period - Shot by Jack McBain.
14:17 of 3rd period - Shot Blocked by Nick Cicek.
14:52 of 3rd period - Icing by Kole Lind.
14:53 of 3rd period - Michael Sgarbossa wins face-off versus Jack McBain in CHICAGO Wolves zone.
16:07 of 3rd period - Shot by Glenn Gawdin.
16:07 of 3rd period - Shot Misses the Net.
16:09 of 3rd period - Shot by Morgan Barron.
16:09 of 3rd period - Shot Misses the Net.
16:11 of 3rd period - Shot by Morgan Barron.
16:11 of 3rd period - Shot Misses the Net.
16:48 of 3rd period - Danny O'Regan is hit by Nate Schnarr and loses puck.
16:52 of 3rd period - Icing by Jack McBain.
16:53 of 3rd period - Jack McBain wins face-off versus Michael Sgarbossa in CHICAGO Wolves zone.
16:53 of 3rd period - Jack McBain is hit by Michael Raffl.
17:14 of 3rd period - Joseph Cecconi is hit by Michael Raffl and loses puck.
17:21 of 3rd period - Michael Raffl is hit by Ondrej Kase and loses puck.
17:36 of 3rd period - Shot by Jansen Harkins.
17:36 of 3rd period - Deflect By Karson Kuhlman.
17:36 of 3rd period - Stopped by Hugo Alnefelt without a rebound.
17:37 of 3rd period - Alexandre Texier wins face-off versus Nikita Alexandrov in CHARLOTTE Checkers zone.
17:58 of 3rd period - Shot by Nikita Popugaev.
17:58 of 3rd period - Goal by Nikita Popugaev - CHARLOTTE Checkers : 2 - CHICAGO Wolves : 4.
17:59 of 3rd period - Morgan Barron wins face-off versus T.J. Tynan in neutral zone.
18:11 of 3rd period - Shot by Karson Kuhlman.
18:11 of 3rd period - Deflect By Morgan Barron.
18:11 of 3rd period - Shot Misses the Net.
18:49 of 3rd period - Shot by Nikita Alexandrov.
18:49 of 3rd period - Stopped by Hugo Alnefelt with a rebound.
18:51 of 3rd period - Shot by Kole Lind.
18:51 of 3rd period - Shot Misses the Net.
18:53 of 3rd period - Shot by Kole Lind.
18:53 of 3rd period - Goal by Kole Lind - CHARLOTTE Checkers : 2 - CHICAGO Wolves : 5.
18:54 of 3rd period - Jack McBain wins face-off versus Michael Sgarbossa in neutral zone.
18:57 of 3rd period - Albin Grewe is hit by Jack McBain and loses puck.
19:01 of 3rd period - Josh Brook is hit by Jack McBain and loses puck.
19:19 of 3rd period - Shot by Matt Kiersted.
19:19 of 3rd period - Stopped by Anthony Stolarz without a rebound.
19:19 of 3rd period - Minor Penalty to Isaak Phillips for Tripping.
19:20 of 3rd period - Morgan Barron wins face-off versus Michael Sgarbossa in CHICAGO Wolves zone.
19:33 of 3rd period - Shot by Matt Kiersted.
19:33 of 3rd period - Stopped by Anthony Stolarz without a rebound.
19:34 of 3rd period - T.J. Tynan wins face-off versus Morgan Barron in CHICAGO Wolves zone.
19:41 of 3rd period - Shot by Matt Kiersted.
19:41 of 3rd period - Deflect By Justin Kirkland.
19:41 of 3rd period - Shot Misses the Net.
19:57 of 3rd period - Shot by Josh Brook.
19:57 of 3rd period - Shot Hit the Post.
Goals for this period are 1 for CHARLOTTE Checkers vs 2 for CHICAGO Wolves.
Shots for this period are 7 for CHARLOTTE Checkers vs 9 for CHICAGO Wolves. Output by the SimonT Hockey Simulator (STHS) for Martin Benoit - Original Page W3C HTML5 Valid
Hockey Simulator - Hockey Simulation - Hockey Manager